TOP OF THE 1ST |
California Angels batting - Pitching for Baltimore Orioles : RHP Danny Cox
|
Pitching: RHP Danny Cox
|
|
Batting: LHB Ralph Garr
|
0-0: Ball 1-0: Ball 2-0: Called Strike 2-1: Swinging Strike 2-2: Foul Ball, location: 2F 2-2: Ball 3-2: SINGLE (Flyball, 78M, EV 90.6 MPH)
|
Batting: RHB Jeff Atherton
|
0-0: Ground out 2-3 (Groundball, 13S, EV 71.9 MPH) Ralph Garr to second
|
Batting: RHB Frank White
|
0-0: Called Strike 0-1: Ground out 5-3 (Groundball, 56S, EV 78.1 MPH)
|
Batting: SHB Jon Hernandez
|
0-0: Called Strike 0-1: Called Strike 0-2: Ball 1-2: Ball 2-2: Foul Ball, location: 2F 2-2: Ball 3-2: Fly out, F5 (Popup, 25F, EV 87.5 MPH)
|
Top of the 1st over - 0 runs, 1 hit, 0 errors, 1 left on base; California 0 - Baltimore 0 |
BOTTOM OF THE 1ST |
Baltimore Orioles batting - Pitching for California Angels : RHP Clay Kirby
|
Pitching: RHP Clay Kirby
|
|
Batting: SHB Willie McGee
|
0-0: Ball 1-0: Ball 2-0: Bunted foul 2-1: Ground out 6-3 (Groundball, 6, EV 105.6 MPH)
|
Batting: RHB Ron Cey
|
0-0: Called Strike 0-1: Ball 1-1: Ground out 6-3 (Groundball, 6, EV 86.3 MPH)
|
Batting: LHB Dave Parker
|
0-0: Ball 1-0: Called Strike 1-1: Ball 2-1: Called Strike 2-2: Foul Ball, location: 2F 2-2: Fly out, F8 (Flyball, 8LM, EV 95.6 MPH)
|
Bottom of the 1st over - 0 runs, 0 hits, 0 errors, 0 left on base; California 0 - Baltimore 0 |
TOP OF THE 2ND |
California Angels batting - Pitching for Baltimore Orioles : RHP Danny Cox
|
Batting: LHB Brian Rosinski
|
0-0: Swinging Strike 0-1: Ground out 2-3 (Groundball, 15S, EV 71.3 MPH)
|
Batting: SHB Ignacio Medina
|
0-0: Ball 1-0: Ground out 4-3 (Groundball, 4, EV 76.3 MPH)
|
Batting: RHB Carlos Pimentel
|
0-0: Fly out, F9 (Flyball, 9S, EV 86.3 MPH)
|
Top of the 2nd over - 0 runs, 0 hits, 0 errors, 0 left on base; California 0 - Baltimore 0 |
BOTTOM OF THE 2ND |
Baltimore Orioles batting - Pitching for California Angels : RHP Clay Kirby
|
Batting: RHB Dwight Evans
|
0-0: Called Strike 0-1: Ball 1-1: Fly out, F9 (Line Drive, 9S, EV 88.8 MPH)
|
Batting: LHB Fred Lynn
|
0-0: Ball 1-0: Ground out 3-1 (Groundball, 34, EV 110.0 MPH)
|
Batting: SHB Steve R Ontiveros
|
0-0: Ball 1-0: Foul Ball, location: 2F 1-1: Ball 2-1: Ground out 4-3 (Groundball, 4, EV 86.9 MPH)
|
Bottom of the 2nd over - 0 runs, 0 hits, 0 errors, 0 left on base; California 0 - Baltimore 0 |
TOP OF THE 3RD |
California Angels batting - Pitching for Baltimore Orioles : RHP Danny Cox
|
Batting: RHB Tom Tostenson
|
0-0: Foul Ball, location: 2F 0-1: Ball 1-1: Ground out 6-3 (Groundball, 6S, EV 66.3 MPH)
|
Batting: RHB Mike Bishop
|
0-0: Bunt missed! 0-1: Called Strike 0-2: Ball 1-2: Strikes out looking
|
Batting: LHB Ralph Garr
|
0-0: Called Strike 0-1: Fly out, F5 (Line Drive, 5, EV 68.1 MPH)
|
Top of the 3rd over - 0 runs, 0 hits, 0 errors, 0 left on base; California 0 - Baltimore 0 |
BOTTOM OF THE 3RD |
Baltimore Orioles batting - Pitching for California Angels : RHP Clay Kirby
|
Batting: RHB Matt Rice
|
0-0: Called Strike 0-1: Foul Ball, location: 2F 0-2: Ground out 6-3 (Groundball, 4M, EV 105.0 MPH)
|
Batting: RHB Dennis Werth
|
0-0: Called Strike 0-1: Ball 1-1: Ball 2-1: Ball 3-1: Called Strike 3-2: Foul Ball, location: 2F 3-2: Base on Balls
|
Batting: RHB Marty G Barrett
|
0-0: Ball 1-0: Called Strike 1-1: Called Strike Pickoff Throw by Catcher to First - Error! E2 Dennis Werth to second 1-2: Ball 2-2: Foul Ball, location: 2F 2-2: Fly out, F8 (Flyball, 89M, EV 95.6 MPH)
|
Batting: SHB Willie McGee
|
0-0: Ground out 6-3 (Groundball, 56, EV 85.6 MPH)
|
Bottom of the 3rd over - 0 runs, 0 hits, 1 error, 1 left on base; California 0 - Baltimore 0 |
TOP OF THE 4TH |
California Angels batting - Pitching for Baltimore Orioles : RHP Danny Cox
|
Batting: RHB Jeff Atherton
|
0-0: Ball 1-0: Foul Ball, location: 2F 1-1: Called Strike 1-2: Fly out, F7 (Line Drive, 7, EV 96.9 MPH)
|
Batting: RHB Frank White
|
0-0: Ball 1-0: Ground out 4-3 (Groundball, 4, EV 101.9 MPH)
|
Batting: SHB Jon Hernandez
|
0-0: Ball 1-0: Ball 2-0: Called Strike 2-1: Ball 3-1: Base on Balls
|
Batting: LHB Brian Rosinski
|
0-0: Foul Ball, location: 2F 0-1: Ball 1-1: Swinging Strike 1-2: Foul Ball, location: 2F 1-2: Strikes out swinging
|
Top of the 4th over - 0 runs, 0 hits, 0 errors, 1 left on base; California 0 - Baltimore 0 |
BOTTOM OF THE 4TH |
Baltimore Orioles batting - Pitching for California Angels : RHP Clay Kirby
|
Batting: RHB Ron Cey
|
0-0: Ball 1-0: Foul Ball, location: 2F 1-1: Ball 2-1: Swinging Strike 2-2: Foul Ball, location: 2F 2-2: Ball 3-2: Strikes out swinging
|
Batting: LHB Dave Parker
|
0-0: Called Strike 0-1: Ball 1-1: Ground out 4-3 (Groundball, 4M, EV 89.4 MPH)
|
Batting: RHB Dwight Evans
|
0-0: Called Strike 0-1: Called Strike 0-2: Ball 1-2: Ball 2-2: Ball 3-2: Fly out, F4 (Popup, 34, EV 80.6 MPH)
|
Bottom of the 4th over - 0 runs, 0 hits, 0 errors, 0 left on base; California 0 - Baltimore 0 |
TOP OF THE 5TH |
California Angels batting - Pitching for Baltimore Orioles : RHP Danny Cox
|
Batting: SHB Ignacio Medina
|
0-0: Called Strike 0-1: Ball 1-1: Ball 2-1: Swinging Strike 2-2: Ground out 1-3 (Groundball, 34S, EV 69.4 MPH)
|
Batting: RHB Carlos Pimentel
|
0-0: Ball 1-0: Swinging Strike 1-1: SINGLE (Line Drive, 89M, EV 105.6 MPH)
|
Batting: RHB Tom Tostenson
|
0-0: Ball 1-0: Called Strike 1-1: Called Strike 1-2: Fly out, F8 (Flyball, 8LD, EV 110.6 MPH)
|
Batting: RHB Mike Bishop
|
0-0: Ball 1-0: Ball 2-0: Swinging Strike 2-1: Called Strike 2-2: Strikes out swinging
|
Top of the 5th over - 0 runs, 1 hit, 0 errors, 1 left on base; California 0 - Baltimore 0 |
BOTTOM OF THE 5TH |
Baltimore Orioles batting - Pitching for California Angels : RHP Clay Kirby
|
Batting: LHB Fred Lynn
|
0-0: Ball 1-0: Ball 2-0: Called Strike 2-1: Called Strike 2-2: Ground out 4-3 (Groundball, 4, EV 88.1 MPH)
|
Batting: SHB Steve R Ontiveros
|
0-0: Ball 1-0: Single, Error in OF, E8, batter to second base (Groundball, 4D, EV 105.6 MPH)
|
Batting: RHB Matt Rice
|
0-0: Ball 1-0: Ball 2-0: Ground out 6-3 (Groundball, 6, EV 110.0 MPH)
|
Batting: RHB Dennis Werth
|
0-0: Fly out, F9 (Flyball, 9LM, EV 93.1 MPH)
|
Bottom of the 5th over - 0 runs, 1 hit, 1 error, 1 left on base; California 0 - Baltimore 0 |
TOP OF THE 6TH |
California Angels batting - Pitching for Baltimore Orioles : RHP Danny Cox
|
Batting: LHB Ralph Garr
|
0-0: Ball 1-0: Swinging Strike 1-1: Ball 2-1: Foul Ball, location: 2F 2-2: Fly out, F6 (Line Drive, 6, EV 69.4 MPH)
|
Batting: RHB Jeff Atherton
|
0-0: Called Strike 0-1: Swinging Strike 0-2: SINGLE (Line Drive, 7S, EV 88.8 MPH)
|
Batting: RHB Frank White
|
0-0: Called Strike 0-1: Foul Ball, location: 2F 0-2: Ball 1-2: Foul Ball, location: 2F 1-2: Ball 2-2: Ball 3-2: Grounds into double play, 6-4-3 (Groundball, 6, EV 104.4 MPH)
|
Top of the 6th over - 0 runs, 1 hit, 0 errors, 0 left on base; California 0 - Baltimore 0 |
BOTTOM OF THE 6TH |
Baltimore Orioles batting - Pitching for California Angels : RHP Clay Kirby
|
Batting: RHB Marty G Barrett
|
0-0: Ball 1-0: Ball 2-0: Called Strike 2-1: Ball 3-1: Called Strike 3-2: Fly out, F9 (Flyball, 9, EV 93.8 MPH)
|
Batting: SHB Willie McGee
|
0-0: Called Strike 0-1: Ball 1-1: Ball 2-1: Ball 3-1: Foul Ball, location: 2F 3-2: Foul Ball, location: 2F 3-2: Base on Balls
|
Batting: RHB Ron Cey
|
0-0: Called Strike Willie McGee steals 2nd base 0-1: Ball 1-1: Foul Ball, location: 2F 1-2: DOUBLE (Line Drive, 7LD, EV 100.0 MPH) Willie McGee scores
|
Batting: LHB Dave Parker
|
0-0: Foul Ball, location: 2F 0-1: Ball 1-1: Foul Ball, location: 2F 1-2: Strikes out swinging
|
Batting: RHB Dwight Evans
|
0-0: Called Strike 0-1: Foul Ball, location: 2F 0-2: Ball 1-2: Ground out 5-3 (Groundball, 56S, EV 61.9 MPH)
|
Bottom of the 6th over - 1 run, 1 hit, 0 errors, 1 left on base; California 0 - Baltimore 1 |
TOP OF THE 7TH |
California Angels batting - Pitching for Baltimore Orioles : RHP Danny Cox
|
Now at 2B: Garth Iorg
|
|
Now in CF: Mark Brouhard
|
|
Batting: SHB Jon Hernandez
|
0-0: Called Strike 0-1: Swinging Strike 0-2: Ball 1-2: Strikes out looking
|
Batting: LHB Brian Rosinski
|
0-0: Ball 1-0: Swinging Strike 1-1: Ball 2-1: Ball 3-1: Ground out U3 (Groundball, 34, EV 101.3 MPH)
|
Batting: SHB Ignacio Medina
|
0-0: Foul Ball, location: 2F 0-1: SINGLE (Flyball, 4MD, EV 93.1 MPH)
|
Pinch Hitting: LHB John Milner
|
0-0: Ball 1-0: Ball 2-0: Foul Ball, location: 2F 2-1: SINGLE (Groundball, 34D, EV 111.9 MPH) Ignacio Medina to second Runner from 2nd tries for 3rd, SAFE, no throw by RF
|
Batting: RHB Tom Tostenson
|
0-0: Ball 1-0: Ball 2-0: Foul Ball, location: 2F 2-1: Fly out, F9 (Flyball, 9LS, EV 80.6 MPH)
|
Top of the 7th over - 0 runs, 2 hits, 0 errors, 2 left on base; California 0 - Baltimore 1 |
BOTTOM OF THE 7TH |
Baltimore Orioles batting - Pitching for California Angels : RHP Clay Kirby
|
Now in RF: John Milner
|
|
Batting: LHB Fred Lynn
|
0-0: Called Strike 0-1: Ball 1-1: Swinging Strike 1-2: SOLO HOME RUN (Flyball, 78XD, EV 111.9 MPH), Distance : 426 ft
|
Batting: SHB Steve R Ontiveros
|
0-0: Called Strike 0-1: Foul Ball, location: 2F 0-2: Ball 1-2: Foul Ball, location: 2F 1-2: Ground out 6-3 (Groundball, 6MD, EV 91.3 MPH)
|
Batting: RHB Matt Rice
|
0-0: Called Strike 0-1: Swinging Strike 0-2: Ground out 1-3 (Groundball, 13S, EV 67.5 MPH)
|
Batting: RHB Dennis Werth
|
0-0: Ball 1-0: Swinging Strike 1-1: Ball 2-1: Foul Ball, location: 2F 2-2: Strikes out swinging
|
Bottom of the 7th over - 1 run, 1 hit, 0 errors, 0 left on base; California 0 - Baltimore 2 |
TOP OF THE 8TH |
California Angels batting - Pitching for Baltimore Orioles : RHP Danny Cox
|
Batting: RHB Mike Bishop
|
0-0: Ball 1-0: Ball 2-0: Called Strike 2-1: Ball 3-1: Called Strike 3-2: Ground out 6-3 (Groundball, 6D, EV 80.6 MPH)
|
Pitching: RHP Dave Patterson
|
|
Batting: LHB Ralph Garr
|
0-0: Called Strike 0-1: Reached on error, E1 (Groundball, 15S, EV 76.3 MPH)
|
Batting: RHB Jeff Atherton
|
0-0: Called Strike 0-1: Foul Ball, location: 2F 0-2: SINGLE (Line Drive, 78M, EV 98.8 MPH) Ralph Garr to second
|
Batting: RHB Frank White
|
0-0: Ball Wild Pitch! Ralph Garr to third Jeff Atherton to second 1-0: Swinging Strike 1-1: Foul Ball, location: 2F 1-2: Strikes out swinging
|
Batting: SHB Jon Hernandez
|
0-0: Ball 1-0: Ball 2-0: Called Strike 2-1: Ball 3-1: Called Strike 3-2: Foul Ball, location: 2F 3-2: Foul Ball, location: 2F 3-2: Base on Balls
|
Batting: LHB Brian Rosinski
|
0-0: Swinging Strike 0-1: Called Strike 0-2: Ball 1-2: Ball 2-2: Strikes out swinging
|
Top of the 8th over - 0 runs, 1 hit, 1 error, 3 left on base; California 0 - Baltimore 2 |
BOTTOM OF THE 8TH |
Baltimore Orioles batting - Pitching for California Angels : RHP Clay Kirby
|
Batting: RHB Mark Brouhard
|
0-0: Ball 1-0: Ball 2-0: Called Strike 2-1: Fly out, F8 (Flyball, 78M, EV 81.3 MPH)
|
Batting: SHB Willie McGee
|
0-0: SINGLE (Line Drive, 6D, EV 107.5 MPH)
|
Batting: RHB Ron Cey
|
0-0: Ball 1-0: Called Strike 1-1: Foul Ball, location: 2F 1-2: Strikes out looking
|
Batting: RHB Garth Iorg
|
0-0: Called Strike Willie McGee steals 2nd base 0-1: Foul Ball, location: 2F 0-2: Ground out 6-3 (Groundball, 6, EV 85.6 MPH)
|
Bottom of the 8th over - 0 runs, 1 hit, 0 errors, 1 left on base; California 0 - Baltimore 2 |
TOP OF THE 9TH |
California Angels batting - Pitching for Baltimore Orioles : RHP Dave Patterson
|
Batting: SHB Ignacio Medina
|
0-0: Ball 1-0: Foul Ball, location: 2F 1-1: Ground out U3 (Groundball, 3, EV 80.6 MPH)
|
Batting: LHB John Milner
|
0-0: Ball 1-0: Fly out, F8 (Line Drive, 8RM, EV 98.8 MPH)
|
Batting: RHB Tom Tostenson
|
0-0: Swinging Strike 0-1: Fly out, F9 (Flyball, 9, EV 96.3 MPH)
|
Top of the 9th over - 0 runs, 0 hits, 0 errors, 0 left on base; California 0 - Baltimore 2 |
|